 Dungeon Crawl Stone Soup version 0.21-a0-154-gb5400c9 (webtiles) character file.

40 Charly the Poker (level 3, 0/28 HPs)
             Began as a Gnoll Skald on Aug 2, 2017.
             Succumbed to an adder's poison
             ... on level 2 of the Dungeon.
             The game lasted 00:05:18 (369 turns).

Charly the Poker (Gnoll Skald)                       Turns: 369, Time: 00:05:19

Health: 0/28       AC:  3    Str:  7    XL:     3   Next: 50%
Magic:  0/7        EV: 11    Int:  7    God:
Gold:   41         SH:  0    Dex:  7    Spells: 0/8 levels left

rFire    . . .     SeeInvis .   a - +0 spear
rCold    . . .     Gourm    .   (no shield)
rNeg     . . .     Faith    .   b - +0 leather armour
rPois    .         Spirit   .   (no helmet)
rElec    .         Reflect  .   (no cloak)
rCorr    .         Harm     .   (no gloves)
MR       .....                  (no boots)
Stlth    +.........             (no amulet)
HPRegen  0.09/turn              (no ring)
MPRegen  0.10/turn              (no ring)

@: lethally poisoned (0 -> -4), infused, very slightly contaminated
A: unchanging attributes, fangs 1, strong nose
a: no special abilities


You were on level 2 of the Dungeon.
You were not hungry.

You visited 1 branch of the dungeon, and saw 2 of its levels.

You collected 41 gold pieces.

Inventory:

Hand Weapons
 a - a +0 spear (weapon)
Armour
 b - a +0 leather armour (worn)
Scrolls
 e - a scroll of identify {unknown}
 f - a scroll of amnesia {unknown}
 g - a scroll of fear {unknown}
Books
 c - a book of Battle

   Spells                             Type                      Level
   a - Infusion                       Charms                       1
   b - Shroud of Golubria             Charms/Translocation         2
   c - Song of Slaying                Charms                       2
   d - Spectral Weapon                Hexes/Charms                 3
   e - Regeneration                   Charms/Necromancy            3
Comestibles
 d - a bread ration


   Skills:
 - Level 2.6 Fighting
 - Level 4.7 Polearms
 - Level 1.3 Armour
 - Level 2.6 Dodging
 + Level 3.0 Spellcasting
 + Level 4.1 Charms
 + Level 0.6 Necromancy


You couldn't memorise any spells.
You knew the following spells:

 Your Spells              Type           Power        Failure   Level  Hunger
a - Infusion              Chrm           #...         9%          1    ##.....
g - Shroud of Golubria    Chrm/Tloc      #.........   32%         2    ###....
r - Regeneration          Chrm/Necr      #.........   50%         3    ####...
s - Song of Slaying       Chrm           #.......     14%         2    ###....


Dungeon Overview and Level Annotations

Branches:
Dungeon (2/15)

Altars:


Innate Abilities, Weirdness & Mutations

Your physical attributes are unchanging.
You have very sharp teeth.
Your uncanny sense of smell can sniff out nearby items.


Message History

* * * LOW HITPOINT WARNING * * *
You feel sick. The adder misses you.
Unknown command.
You miss the adder.
The adder is heavily wounded.
The adder closely misses you.
You closely miss the adder.
The adder is heavily wounded.
* * * LOW HITPOINT WARNING * * *
You feel sick. The adder bites you but does no damage. The adder bites you.
* * * LOW HITPOINT WARNING * * *
Unknown command.
You aren't carrying any potions.
Unknown command.
You barely miss the adder.
The adder is heavily wounded.
The adder misses you.
You hit the adder.
You kill the adder!
You die...

############
.#########..........#
...........###.......
######.##.#........#
#.#...S........
#.#..#.........
####.#..###...##..
#.†..#..##†....... ∆
#@###.....†#.###..
#?# #......#.# ##.
.............# .
...###.......## .
..............#
##.#..###.##...# ∆
...>. .. .....
##.#..### ......
##..###


There were no monsters in sight!

Vanquished Creatures
  2 adders (D:2)
  2 bats (D:1)
  2 giant cockroaches
  2 goblins (D:1)
  4 hobgoblins (D:1)
  4 jackals (D:1)
  A kobold (D:1)
  A rat (D:1)
18 creatures vanquished.

Notes
Turn   | Place    | Note
-------+----------+-------------------------------------------
     0 | D:1      | Charly the Gnoll Skald began the quest for the Orb.
     0 | D:1      | Reached XP level 1. HP: 17/17 MP: 4/4
    99 | D:1      | Reached XP level 2. HP: 7/23 MP: 1/6
   119 | D:1      | Learned a level 2 spell: Song of Slaying
   122 | D:1      | Learned a level 2 spell: Shroud of Golubria
   336 | D:2      | Reached XP level 3. HP: 8/28 MP: 3/7
   346 | D:2      | Learned a level 3 spell: Regeneration
   367 | D:2      | HP: 1/28 [adder (1)]
   369 | D:2      | Succumbed to an adder's poison

Vault maps used:
D:1:      sevenhm_arrival_forest_fort_large_4, serial_park_tiny_pond
D:2:      uniq_sigmund, uniq_robin, uniq_natasha

Skill      XL: |  1  2 |
---------------+-------+-----
Polearms       | 3 4 |  4.7
Fighting       | |  2.6
Armour         | |  1.3
Dodging        | |  2.6
Spellcasting   | |  3.0
Charms         | |  4.1
Necromancy     | |  0.6

Action                   || total
-------------------------++-------
Melee: Spear             ||    98
       Bite              ||     2
 Cast: Infusion          ||     8
Armor: Leather armour    ||    13
Dodge: Dodged            ||    51
